 Dungeon Crawl Stone Soup version 0.30-a0-629-gd54f4be4f7 (webtiles) character file.

Game seed: 15696960362431287666

171 larrydude the Sneak (level 5, -2/36 HPs)
             Began as an Octopode Monk on Jan 12, 2023.
             Slain by a gnoll
             ... wielding a +0 spear
              (9 damage)
             ... on level 3 of the Dungeon.
             The game lasted 00:05:33 (1582 turns).

larrydude the Sneak (Octopode Monk)                 Turns: 1582, Time: 00:05:34

Health: -2/36      AC:  1    Str: 11    XL:     5   Next: 51%
Magic:  5/6        EV: 14    Int: 14    God:
Gold:   179        SH:  0    Dex: 14    Spells: 4/6 levels left

rFire   . . .      SeeInvis +    e - +8 hand axe "Pofyint" {spect, rElec SInv}
rCold   . . .      Faith    .    (no shield)
rNeg    . . .      Spirit   .    (helmet restricted)
rPois   .          Reflect  .    (no amulet)
rElec   +          Harm     .    (no ring)
rCorr   .          Rampage  .    (no ring)
Will    .....                    (no ring)
Stlth   ++++                     (no ring)
HPRegen 0.26/turn                (no ring)
MPRegen 0.10/turn                (no ring)
                                 (no ring)
                                 (no ring)

@: no status effects
A: almost no armour, amphibious, 8 rings, camouflage 1, gelatinous body 1,
(nimble swimmer 1), tentacles
a: no special abilities


You were on level 3 of the Dungeon.
You visited 1 branch of the dungeon, and saw 3 of its levels.

You collected 179 gold pieces.

Inventory:

Hand Weapons
 e - the +8 hand axe "Pofyint" (weapon) {spect, rElec SInv}
   (You found it on level 2 of the Dungeon)

   rElec:     It insulates you from electricity.
   SInv:      It lets you see invisible.
Missiles
 b - 13 stones (quivered)
 j - 6 poisoned darts
Jewellery
 i - an amulet of reflection
Scrolls
 c - 2 scrolls of fog
 g - a scroll of poison
 h - a scroll of identify
Potions
 a - a potion of ambrosia
 d - 2 potions of curing
 f - a potion of flight
 k - 2 potions of might {unknown}


   Skills:
 * Level 3.5 Fighting
 * Level 3.5 Dodging
 * Level 4.9 Stealth
 - Level 3.5 Unarmed Combat
 * Level 1.0 Spellcasting
 * Level 1.2 Air Magic
 * Level 1.4 Poison Magic


You had 4 spell levels left.
You knew the following spells:

 Your Spells              Type           Power      Damage    Failure   Level
a - Poisonous Vapours     Pois/Air       8%         N/A       22%         2

Your spell library contained the following spells:

 Spells                   Type           Power      Damage    Failure   Level
 Magic Dart               Conj           0%         1d3       26%         1
 Cigotuvi's Dreadful Rot  Necr/Pois/Air  6%         N/A       28%         2
 Call Imp                 Summ           0%         N/A       36%         2
 Mephitic Cloud           Conj/Pois/Air  3%         N/A       50%         3
 Ozocubu's Armour         Ice            0%         N/A       61%         3
 Ozocubu's Refrigeration  Ice            0%         4d7       100%        7


Dungeon Overview and Level Annotations

Branches:
Dungeon (3/15)

Altars:


Innate Abilities, Weirdness & Mutations

You cannot wear most types of armour.
You are amphibious.
You can wear up to eight rings at the same time.
Your skin changes colour to match your surroundings (Stealth+).
Your rubbery body absorbs attacks. (AC +1, EV +1)
((You are camouflaged when in or above water. (Stealth+)))
You have tentacles for arms and can constrict up to eight enemies at once.


Message History

The wight is moderately damaged.
Your +8 hand axe "Pofyint" {spect, rElec SInv} hits the wight.
You constrict the wight, but do no damage.
The wight hits you with a +3 falchion.
You hit the wight.
The wight is almost destroyed.
Your +8 hand axe "Pofyint" {spect, rElec SInv} hits the wight!
You destroy the wight!
Your Stealth skill increases to level 4!
Your Air Magic skill increases to level 1!
Your Poison Magic skill increases to level 1!
You have reached level 5!
You feel stronger.
You start resting.
A wight comes into view. It is wielding a +5 great sword.
A gnoll comes into view. It is wielding a +0 spear.
You hit the wight. You grab the wight. You squeeze the wight.
The wight is heavily damaged.
Your +8 hand axe "Pofyint" {spect, rElec SInv} completely misses the wight.
You constrict the wight, but do no damage.
The wight hits you with a +5 great sword!!
Ouch! That really hurt!
The gnoll hits you from afar with a +0 spear.
The wight hits you with a +5 great sword!
* * * LOW HITPOINT WARNING * * *
You feel drained.
* * * LOW HITPOINT WARNING * * *
The gnoll closely misses you.
You hit the wight.
The wight is severely damaged.
Your +8 hand axe "Pofyint" {spect, rElec SInv} hits the wight!
You destroy the wight!
The gnoll barely misses you.
Your life force feels restored.
Your Spellcasting skill increases to level 1!
You feel better.
The gnoll hits you from afar with a +0 spear.
* * * LOW HITPOINT WARNING * * *
The gnoll hits you with a +0 spear!
You die...

♣P♣~~~#......#.#.
~~.P~###.....#....#
.P..............#.?
.
.#####.......##...
.. .
#.#.....##..##.
...##..####.... .
#.#####.## #..# ...
#
###.#####..##..#.#
#.........@g......
#.##.#.######..#..
#. #.#.# # . ....#
.. .....# #.
....#># #.#......#
##.....# ##. ..#


You could see a gnoll.

Vanquished Creatures
  2 wights (D:3)
  3 gnolls
  A dart slug (D:1)
  An orc (D:3)
  An endoplasm (D:1)
  A giant cockroach (D:1)
  5 goblins
  6 hobgoblins
  2 quokkas (D:1)
  8 ball pythons
  2 bats
  5 frilled lizards
  3 rats (D:1)
40 creatures vanquished.

Vanquished Creatures (others)
  10 plants (D:3)
10 creatures vanquished.

Grand Total: 50 creatures vanquished

Notes
Turn   | Place    | Note
-------+----------+-------------------------------------------
     0 | D:1      | larrydude the Octopode Monk began the quest for the Orb.
     0 | D:1      | Reached XP level 1. HP: 16/16 MP: 1/1
    94 | D:1      | Reached XP level 2. HP: 21/21 MP: 2/2
   317 | D:1      | Reached skill level 3 in Stealth
   460 | D:1      | Reached XP level 3. HP: 23/26 MP: 3/3
   835 | D:1      | Learned a level 2 spell: Poisonous Vapours
   942 | D:2      | Identified the +8 hand axe "Pofyint" {spect, rElec SInv}
  1559 | D:3      | Reached XP level 4. HP: 31/31 MP: 4/4
  1567 | D:3      | Reached skill level 4 in Stealth
  1567 | D:3      | Reached skill level 1 in Air Magic
  1567 | D:3      | Reached skill level 1 in Poison Magic
  1567 | D:3      | Reached XP level 5. HP: 30/36 MP: 4/6
  1578 | D:3      | HP: 1/34 [wight/+5 great sword (4)]
  1580 | D:3      | Reached skill level 1 in Spellcasting
  1582 | D:3      | Slain by a gnoll

Illustrated notes

Levels and vault maps discovered:
D:1:      minmay_arrival_glassed_features, layout_basic
D:2:      layout_basic, guppyfry_early_lair_pool
D:3:      layout_loops_ring, nzn_wu_jian_council_hall, serial_bayou_pond_c

Skill      XL: |  1  2  3  4  5 |
---------------+----------------+-----
Stealth        | 3 4 |  4.9
Air Magic      | 1 |  1.2
Poison Magic   | 1 |  1.4
Spellcasting   | 1 |  1.0
Fighting       | |  3.5
Dodging        | |  3.5
Unarmed Combat | |  3.5

Action                   |  1- 3 |  4- 6 || total
-------------------------+-------+-------++-------
Melee: Unarmed           |    39 |       ||    39
       Constrict         |    19 |     3 ||    22
       Tentacles         |    15 |     2 ||    17
       Hand axe          |    14 |     7 ||    21
       Punch             |     1 |       ||     1
  Use: Scroll            |     6 |       ||     6
       Potion            |       |     1 ||     1
 Stab: Sleeping          |    10 |       ||    10
Armor: Skin              |     3 |       ||     3
Dodge: Dodged            |    24 |     2 ||    26

Table legend: (Time is in decaauts)
 A = Elapsed time spent in this place.
 B = Non-inter-level travel time spent in this place.
 C = Inter-level travel time spent in this place.
 D = Time resting spent in this place.
 E = Time spent auto-exploring this place.
 F = Levels seen in this place.
 G = Mean time per level.
                   A        B        C        D        E       F      G
               +--------+--------+--------+--------+--------+-----+--------+
         Total |   1585 |   1526 |     59 |     46 |   1094 |   3 |  528.3 |
       Dungeon |   1585 |   1526 |     59 |     46 |   1094 |   3 |  528.3 |
               +--------+--------+--------+--------+--------+-----+--------+

Top non-repeatable levels by time:
     D:1: 845 daAuts
     D:2: 583 daAuts
     D:3: 156 daAuts
